 Dungeon Crawl Stone Soup version 0.23.2-40-g277498a001 (webtiles) character file.

Game seed: 102806674965401116

798 H0rd4k the Cutter (level 8, -5/58 HPs)
             Began as a Human Artificer on Sept 24, 2019.
             Was an Initiate of Gozag.
             Splashed by a jelly's acid (8 damage)
             ... on level 6 of the Dungeon.
             The game lasted 00:06:36 (5060 turns).

H0rd4k the Cutter (Human Artificer)                 Turns: 5060, Time: 00:06:37

Health: -5/58      AC: -3    Str: 16    XL:     8   Next: 13%
Magic:  11/11      EV: 11    Int: 11    God:    Gozag
Gold:   369        SH:  0    Dex: 13    Spells: 7/7 levels left

rFire    . . .     SeeInvis .   w - +1 short sword (flame)
rCold    + . .     Gourm    .   (no shield)
rNeg     . . .     Faith    .   p - +0 scale mail (curse)
rPois    .         Spirit   .   (no helmet)
rElec    .         Reflect  .   (no cloak)
rCorr    .         Harm     .   u - +0 pair of gloves
MR       .....                  (no boots)
Stlth    +.........             (no amulet)
HPRegen  0.19/turn              i - ring of protection from cold
MPRegen  0.12/turn              (no ring)

@: corroded
A: no striking features
a: Potion Petition, Call Merchant, Bribe Branch, Renounce Religion


You were on level 6 of the Dungeon.
You worshipped Gozag.
Gozag was aware of your devotion.
You were not hungry.

You visited 1 branch of the dungeon, and saw 6 of its levels.

You collected 415 gold pieces.
You paid 46 gold pieces to Gozag.

Inventory:

Hand Weapons
 w - a +1 short sword of flaming (weapon)
Armour
 b - a +0 leather armour
 p - a cursed +0 scale mail (worn)
 u - a +0 pair of gloves (worn)
Jewellery
 c - an uncursed ring of stealth {unknown}
 i - a ring of protection from cold (left hand)
Wands
 a - a wand of scattershot (5)
 d - a wand of enslavement (15)
 e - a wand of random effects (6)
 m - a wand of disintegration (17)
 y - a wand of polymorph (7)
Scrolls
 g - 2 scrolls of identify {unknown}
 k - 8 scrolls of remove curse {unknown}
 n - 3 scrolls of teleportation {unknown}
 o - a scroll of enchant armour {unknown}
 r - a scroll of fear {unknown}
 s - a scroll of amnesia {unknown}
 x - a scroll of immolation {unknown}
 z - a scroll of vulnerability {unknown}
 A - a scroll of random uselessness {unknown}
 B - a scroll of noise {unknown}
Potions
 h - a potion of agility {unknown}
 j - 2 potions of curing {unknown}
 l - 2 potions of degeneration {unknown}
 q - a potion of berserk rage {unknown}
 t - a potion of mutation {unknown}
 v - a potion of ambrosia {unknown}
Comestibles
 f - 6 rations


   Skills:
 + Level 3.0 Fighting
 + Level 4.9 Short Blades
 + Level 3.7 Armour
 + Level 3.6 Dodging
 + Level 2.3 Stealth
 + Level 4.1 Evocations


You had 7 spell levels left.
You didn't know any spells.
Your spell library contained the following spells:

 Spells                   Type           Power        Failure   Level  Hunger
 Apportation              Tloc           #.....       77%         1    ##.....
 Summon Butterflies       Summ           #.......     77%         1    ##.....
 Lesser Beckoning         Tloc           #.........   98%         3    ####...
 Tukima's Dance           Hex            #.......     98%         3    ####...
 Alistair's Intoxication  Tmut/Pois      #.......     100%        5    ######.
 Invisibility             Hex            #.......     100%        6    #######


Dungeon Overview and Level Annotations

Branches:
Dungeon (6/15)
 Temple: D:4-7

Altars:
Dithmenos
Gozag

Annotations:
D:5 exclusion: 2 downstairs


Message History

B - a scroll labeled MIMEATR FUER The jelly jiggles.
You hit the jelly. You burn the jelly.
Your hands burn!
The jelly is moderately wounded.
The jelly hits you. The acid corrodes you!
You are splashed with acid!
You hit the jelly. You burn the jelly.
Your hands burn!
The jelly is heavily wounded.
The jelly hits you. The acid corrodes you!
You are splashed with acid!
You hit the jelly. You burn the jelly. The acid corrodes you!
Your hands burn!
The jelly is heavily wounded.
The jelly hits you.
You are splashed with acid!
* * * LOW HITPOINT WARNING * * *
You hit the jelly but do no damage.
Your hands burn!
* * * LOW HITPOINT WARNING * * *
The jelly is heavily wounded.
The jelly hits you.
* * * LOW HITPOINT WARNING * * *
You are splashed with acid!
You die...
Your body crumbles into a pile of gold.

####..######..##..#..#...##
...........................
...................#.......
...................#.......
..##...............#.....#
..##....##..>.##..##.....#
..##....##...<##..##.....#
........#.....'..........#
........##...)##@J.(.....#
........#####'##..##.....#
#.............###.# .......
###........... ... .......
# .........#........... +
.O......##..##.....## +
........##### ###### #
......... .........


You could see a jelly.

Vanquished Creatures
  2 ogres
  A centaur (D:5)
  A bullfrog (D:6)
  A howler monkey (D:4)
  A bullfrog zombie (D:6)
  A centaur zombie (D:5)
  A gnoll shaman (D:4)
  A hound (D:5)
  A bullfrog skeleton (D:4)
  2 orc wizards (D:5)
  Ijyb (D:5)
  An iguana (D:6)
  A worker ant (D:6)
  3 gnolls (D:4)
  7 adders
  An adder skeleton (D:4)
  3 worms
  A dart slug (D:3)
  3 leopard geckos
  13 orcs
  A giant cockroach (D:5)
  2 goblins
  5 hobgoblins
  4 jackals (D:1)
  A ball python (D:2)
  A bat (D:1)
  2 frilled lizards
  5 kobolds
  4 rats
71 creatures vanquished.

Notes
Turn   | Place    | Note
-------+----------+-------------------------------------------
     0 | D:1      | H0rd4k the Human Artificer began the quest for the Orb.
     0 | D:1      | Reached XP level 1. HP: 15/15 MP: 3/3
    66 | D:1      | Reached XP level 2. HP: 11/21 MP: 4/4
   638 | D:2      | Reached XP level 3. HP: 26/26 MP: 5/5
  1270 | D:3      | Reached XP level 4. HP: 22/32 MP: 6/6
  1771 | D:3      | Found an opulent altar of Gozag.
  2215 | D:3      | Became a worshipper of Gozag Ym Sagoz the Greedy
  2479 | D:4      | Reached skill level 1 in Armour
  2479 | D:4      | Reached XP level 5. HP: 27/38 MP: 7/7
  2508 | D:4      | Noticed an ogre
  2516 | D:4      | Killed an ogre
  2516 | D:4      | Reached XP level 6. HP: 36/44 MP: 8/8
  3064 | D:4      | Found a shadowy altar of Dithmenos.
  3193 | D:5      | Entered Level 5 of the Dungeon
  3221 | D:5      | Noticed Ijyb
  3232 | D:5      | Killed Ijyb
  3407 | D:5      | Reached XP level 7. HP: 28/50 MP: 9/9
  4987 | D:6      | Reached XP level 8. HP: 55/57 MP: 11/11
  5060 | D:6      | Splashed by a jelly's acid

Skill      XL: |  1  2  3  4  5  6  7  8 |
---------------+-------------------------+-----
Dodging        | 3 |  3.6
Short Blades   | 2 3 4 |  4.9
Armour         | 1 2 3 |  3.7
Fighting       | 2 3 |  3.0
Evocations     | 4 |  4.1
Stealth        | 2 |  2.3

Action                   |  1- 3 |  4- 6 |  7- 9 || total
-------------------------+-------+-------+-------++-------
Melee: Short sword       |   105 |   121 |   116 ||   342
       Long sword        |       |     3 |       ||     3
Evoke: Wand              |     4 |    20 |       ||    24
 Stab: Paralysed         |       |     5 |       ||     5
       Distracted        |       |     1 |       ||     1
  Eat: Chunk             |     1 |     3 |       ||     4
       Ration            |       |     1 |     2 ||     3
Armor: Leather armour    |    19 |       |       ||    19
       Scale mail        |    18 |    38 |    35 ||    91
Dodge: Dodged            |    67 |    52 |    55 ||   174
       Rpst.: Long sword |       |     1 |       ||     1
